 Dungeon Crawl Stone Soup version 0.25.0-11-g1f837a76a1 (webtiles) character file.

Game seed: 6099844366118624099

56 Kold the Insei (level 3, -3/23 HPs)
             Began as an Octopode Transmuter on June 24, 2020.
             Killed from afar by Natasha (9 damage)
             ... with a magic dart
             ... on level 2 of the Dungeon.
             The game lasted 00:01:42 (1574 turns).

Kold the Insei (Octopode Transmuter)                Turns: 1574, Time: 00:01:43

Health: -3/23      AC:  1    Str:  9    XL:     3   Next: 95%
Magic:  6/6        EV: 13    Int: 16    God:
Gold:   56         SH:  0    Dex: 12    Spells: 5/6 levels left

rFire    . . .     SeeInvis .     - Unarmed
rCold    . . .     Gourm    .   (no shield)
rNeg     . . .     Faith    .   (helmet restricted)
rPois    .         Spirit   .   (no amulet)
rElec    .         Reflect  .   (no ring)
rCorr    .         Harm     .   (no ring)
MR       .....                  (no ring)
Stlth    +++.......             (no ring)
HPRegen  0.07/turn              (no ring)
MPRegen  0.10/turn              (no ring)
                                (no ring)
                                (no ring)

@: appendage
A: almost no armour, stealthy swim, amphibious, 8 rings, constrict 8, tentacle
spike 3, camouflage 1, gelatinous body 1
a: End Transformation


You were on level 2 of the Dungeon.
You were not hungry.
One of your tentacles had a temporary spike.
You visited 1 branch of the dungeon, and saw 2 of its levels.

You collected 56 gold pieces.

Inventory:

Missiles
 a - 12 arrows
Scrolls
 b - a scroll of remove curse {unknown}
 d - a scroll of identify {unknown}
 f - a scroll of magic mapping {unknown}
Potions
 e - a potion of brilliance {unknown}
Comestibles
 c - 2 rations


   Skills:
 + Level 1.1 Fighting
 + Level 2.2 Dodging
 + Level 1.7 Stealth
 + Level 4.0 Unarmed Combat
 + Level 2.2 Spellcasting
 + Level 2.0 Transmutations


You had 5 spell levels left.
You knew the following spells:

 Your Spells              Type           Power        Failure   Level  Hunger
a - Beastly Appendage     Tmut           #.....       9%          1    #......

Your spell library contained the following spells:

 Spells                   Type           Power        Failure   Level  Hunger
 Sticks to Snakes         Tmut           #.......     13%         2    ###....
 Spider Form              Tmut/Pois      #.........   36%         3    ###....
 Ice Form                 Ice/Tmut       #.......     78%         4    #####..
 Blade Hands              Tmut           #.........   94%         5    ######.


Dungeon Overview and Level Annotations

Branches:
Dungeon (2/15)

Altars:

Annotations:
D:2 Natasha


Innate Abilities, Weirdness & Mutations

You cannot wear most types of armour.
You are very stealthy in the water. (Stealth+)
You are amphibious.
You can wear up to eight rings at the same time.
You can use your tentacles to constrict eight enemies at once.
Your skin changes colour to match your surroundings (Stealth+).
Your rubbery body absorbs attacks. (AC +1, EV +1)
One of your tentacles bears a large vicious spike.


Message History

Natasha claws you.
You tentacle-slap Natasha. Your grab misses Natasha.
You pierce Natasha, but do no damage.
Natasha is lightly wounded.
You tentacle-slap Natasha. You grab Natasha.
You pierce Natasha.
Natasha is heavily wounded.
You constrict Natasha, but do no damage.
The crimson imp misses you.
Natasha drinks a potion.
Natasha is healed!
You barely miss Natasha.
Your tentacle spike misses Natasha.
You constrict Natasha, but do no damage.
The crimson imp barely misses you. Natasha claws you!
You barely miss Natasha. You constrict Natasha. The crimson imp hits you.
* * * LOW HITPOINT WARNING * * *
Natasha closely misses you.
You tentacle-slap Natasha.
You pierce Natasha, but do no damage.
Natasha is lightly wounded.
You constrict Natasha. The crimson imp closely misses you.
Natasha casts a spell at you. The magic dart hits you!
You die...

#########.......
#<...............
##.#.....#.......#
..............%.#
###..............#
.................#
#.......รท........#
###....<#5h......
#......)@......#
#........####.#.
#..........
##......####
#.....#.#
...#####.# ... #..
.. ... .##


You could see Natasha and a crimson imp (summoned).

Vanquished Creatures
  Natasha (D:2)
  2 leopard geckos (D:1)
  4 bats (D:1)
  A goblin (D:1)
  6 hobgoblins (D:1)
  2 jackals (D:2)
  3 kobolds (D:1)
  A quokka (D:2)
  4 frilled lizards (D:1)
  3 rats (D:1)
27 creatures vanquished.

Notes
Turn   | Place    | Note
-------+----------+-------------------------------------------
     0 | D:1      | Kold the Octopode Transmuter began the quest for the Orb.
     0 | D:1      | Reached XP level 1. HP: 13/13 MP: 3/3
   174 | D:1      | Reached XP level 2. HP: 12/18 MP: 5/5
   937 | D:1      | Reached XP level 3. HP: 19/23 MP: 6/6
  1332 | D:2      | Noticed Natasha
  1416 | D:2      | Killed Natasha
  1416 | D:2      | Reached skill level 1 in Stealth
  1416 | D:2      | Reached skill level 4 in Unarmed Combat
  1429 | D:2      | Noticed Natasha
  1574 | D:2      | Killed from afar by Natasha

Illustrated notes

Levels and vault maps discovered:
D:1:      elethiomel_arrival_infinity_welcomes_careful_drivers,
          layout_loops_ring, minmay_misc_feat_cross
D:2:      layout_rooms, nicolae_overflow_crystal_walls, first_ration,
          uniq_natasha, uniq_robin

Skill      XL: |  1  2  3 |
---------------+----------+-----
Stealth        | 1 |  1.7
Unarmed Combat | 4 |  4.0
Fighting       | |  1.1
Dodging        | |  2.2
Spellcasting   | |  2.2
Transmutations | |  2.0

Action                   || total
-------------------------++-------
Melee: Unarmed           ||    67
       Constrict         ||    17
       Tentacles         ||     7
       Punch             ||     1
       Kick              ||     6
 Cast: Beastly Appendage ||     5
 Stab: Sleeping          ||     6
  Eat: Ration            ||     1
Armor: Skin              ||     5
Dodge: Dodged            ||    33
